Map: Buried Caverns

Players

Alebay

  • Race: Protoss Protoss
  • Spawn Location: 3:00

MattBarry

  • Race: Terran Terran
  • League: Gold
  • Spawn Location: 5:00

MattBarry

  • Race: Zerg Zerg
  • League: Gold
  • Spawn Location: 3:00

CryptoGrandp - Winner!

  • Race: Zerg Zerg
  • Spawn Location: 9:00

theonerichy - Winner!

  • Race: Terran Terran
  • Spawn Location: 9:00

ItMorbinTime - Winner!

  • Race: Terran Terran
  • Spawn Location: 7:00

VOD

Have the link to the VOD?

Description

Time

  • Played on: Jan. 24, 2023, 1:32 a.m.
  • Length: 22:46
Show
View Real Time Build Order
Export as new Build Order

Alebay Protoss 

Build Orders: 1 Gate Expand, Carriers 

Get SALT Encoding   

  12  0:00  Probe  
  13  0:13  Probe  
  14  0:24  Pylon  
  14  0:25  Probe  
  15  0:42  Probe  
  16  0:44  Gateway  
  16  0:47  Assimilator  
  16  0:54  Probe  
  17  1:06  Probe  
  18  1:18  Probe  
  19  1:30  Probe  
  20  1:34  Nexus  
  20  1:42  Cybernetics Core  
  20  1:47  Probe  
  20  1:51  Assimilator  
  21  1:59  Probe  
  21  2:00  Pylon  
  22  2:14  Warp Gate (Chrono Boost)  
  22  2:17  Probe  
  22  2:21  Adept  
  25  2:30  Gateway  
  25  2:31  Probe  
  26  2:43  Probe  
  27  2:48  Probe  
  28  2:55  Probe  
  28  2:56  Gateway  
  28  2:57  Twilight Council  
  29  3:04  Adept (Chrono Boost)  
  31  3:06  Probe  
  32  3:13  Probe  
  33  3:20  Probe  
  33  3:25  Probe  
  35  3:29  Adept (Chrono Boost)  
  35  3:32  Pylon  
  35  3:34  Charge (Chrono Boost)  
  37  3:35  Pylon  
  37  3:58  Zealot x2  
  37  4:00  Probe x2  
  43  4:14  Zealot  
  45  4:19  Forge  
  45  4:22  Assimilator  
  45  4:24  Pylon, Probe  
  45  4:25  Probe  
  45  4:27  Zealot x2  
  51  4:36  Zealot  
  54  4:38  Probe x2  
  54  4:41  Assimilator  
  55  4:50  Probe x2  
  55  4:51  Protoss Ground Armor Level 1 (Chrono Boost)  
  57  5:10  Probe x2  
  40  5:22  Probe x2  
  40  5:25  Photon Cannon  
  40  5:27  Photon Cannon  
  40  5:34  Photon Cannon  
  36  5:44  Probe x2  
  38  5:51  Zealot x3  
  38  5:56  Probe (Chrono Boost)  
  46  5:57  Probe (Chrono Boost)  
  46  6:08  Probe x2 (Chrono Boost)  
  48  6:13  Robotics Facility  
  48  6:14  Probe x2 (Chrono Boost)  
  50  6:19  Zealot  
  50  6:20  Zealot  
  50  6:25  Zealot  
  56  6:31  Gateway  
  56  6:42  Protoss Ground Weapons Level 1 (Chrono Boost), Probe x2  
  59  6:54  Probe x2  
  60  7:03  Observer (Chrono Boost)  
  60  7:06  Probe x2  
  63  7:09  Pylon  
  63  7:17  Observer (Chrono Boost)  
  63  7:18  Photon Cannon  
  63  7:20  Pylon  
  64  7:42  Zealot x4  
  72  8:02  Probe x2  
  74  8:13  Pylon  
  74  8:14  Gateway, Probe x2  
  74  8:15  Pylon  
  74  8:17  Gateway  
  74  8:18  Pylon  
  76  8:25  Zealot x4  
  76  8:26  Probe  
  85  8:33  Gateway  
  85  8:34  Gateway  
  85  8:36  Gateway, Probe  
  85  8:38  Probe  
  87  8:49  Protoss Ground Weapons Level 2 (Chrono Boost)  
  87  8:56  Nexus  
  87  8:59  Pylon  
  87  9:02  Pylon  
  87  9:04  Pylon  
  87  9:51  Observer  
  87  9:52  Nexus  
  87  10:01  Stargate  
  87  10:03  Stargate  
  87  10:04  Probe x2  
  87  10:05  Stargate  
  89  10:16  Probe x2  
  91  10:23  Zealot x7  
  91  10:24  Zealot x2  
  91  10:28  Probe  
  96  10:54  Zealot x2  
  96  10:55  Zealot x7  
  78  11:03  Protoss Ground Armor Level 2 (Chrono Boost)  
  64  11:11  Probe  
  64  11:12  Probe x3  
  64  11:18  Fleet Beacon  
  68  11:23  Probe  
  68  11:24  Probe x2  
  71  11:26  Probe  
  72  11:36  Probe x3  
  75  11:41  Probe  
  76  11:48  Probe x3  
  76  11:53  Probe  
  80  12:00  Assimilator  
  80  12:02  Tempest  
  80  12:03  Tempest x2  
  80  12:05  Assimilator  
  95  12:09  Probe x3  
  98  12:21  Probe  
  85  12:31  Zealot x3  
  85  12:32  Zealot x6  
  85  12:33  Probe  
  92  12:56  Tempest x3  
  107  13:01  Assimilator  
  107  13:05  Assimilator, Probe x3  
  110  13:06  Probe  
  111  13:17  Probe x3  
  111  13:18  Probe  
  102  13:39  Zealot x6  
  102  13:40  Zealot  
  113  13:47  Tempest x3  
  128  13:52  Probe x3  
  128  13:53  Probe  
  132  14:04  Probe x2  
  134  14:11  Zealot x3  
  134  14:12  Zealot x6  
  138  14:25  Protoss Air Weapons Level 1  
  126  14:34  Zealot  
  126  14:35  Zealot x6  
  126  14:36  Zealot x2  
  120  15:01  Tempest x3  
  135  15:07  Probe  
  135  15:08  Probe x3  
  139  15:20  Probe  
  140  15:24  Cybernetics Core  
  140  15:25  Protoss Ground Armor Level 3  
  140  15:34  Unknown  
  140  15:35  Pylon  
  140  15:37  Pylon  
  140  15:39  Pylon  
  140  15:49  Carrier x3  
  157  16:31  Protoss Air Armor Level 1 (Chrono Boost)  
  157  16:52  Protoss Air Weapons Level 2 (Chrono Boost)  
  157  17:04  Zealot x3  
  157  17:05  Zealot x6  
  152  17:32  Carrier x3  
  170  17:40  Observer  
  170  17:41  Pylon  
  170  17:43  Pylon  
  170  17:45  Pylon  
  170  18:03  Protoss Ground Weapons Level 3  
  169  18:06  Observer  
  170  18:46  Zealot  
  170  18:47  Zealot x8  
  188  19:07  Zealot  
  188  19:08  Zealot x5  
  200  19:25  Protoss Air Armor Level 2 (Chrono Boost)  
  200  19:26  Protoss Air Weapons Level 3 (Chrono Boost)  
  166  20:04  Zealot  
  166  20:05  Zealot x7  
  165  20:18  Pylon  
  165  20:20  Pylon  
  165  20:21  Pylon  
  165  20:23  Pylon  
  159  20:47  Protoss Shields Level 1 (Chrono Boost)  
  159  20:50  Zealot x2  
  159  20:51  Zealot x6  
  127  21:21  Zealot x6  
  127  21:22  Zealot x2  
  137  21:46  Stargate  
  137  21:47  Stargate  
  137  21:49  Stargate  
  137  21:51  Zealot x6  
  137  21:52  Zealot x2  
  116  22:15  Stalker x5  
  94  22:16  Stalker x3  
Show
View Real Time Build Order
Export as new Build Order

MattBarry Terran 

Build Orders: Reaper Expand 

Get SALT Encoding   

  12  0:00  SCV  
  13  0:12  SCV  
  14  0:18  Supply Depot  
  14  0:25  SCV  
  15  0:40  SCV  
  15  0:42  Barracks  
  16  0:47  Refinery  
  16  0:52  SCV  
  18  1:04  SCV  
  17  1:33  SCV  
  18  1:46  SCV  
  19  1:49  Reaper  
  19  1:51  Supply Depot  
  20  1:55  Command Center  
  20  1:58  Orbital Command  
  20  2:21  Barracks Reactor  
  20  2:24  SCV  
  20  2:27  Refinery  
  21  2:36  SCV  
  22  2:44  Factory  
  21  2:56  SCV  
  21  2:57  Marine x2  
  24  3:07  Orbital Command  
  24  3:08  SCV  
  25  3:16  Marine x2  
  27  3:20  SCV  
  27  3:34  Marine  
  28  3:43  SCV x2  
  31  3:48  Widow Mine  
  31  3:51  Marine  
  31  3:52  Marine  
  33  3:55  SCV x2  
  35  4:04  Starport  
  35  4:17  SCV x2  
  37  4:27  Hellion x2  
  37  4:29  SCV x2  
  43  4:31  Barracks Tech Lab  
  43  4:33  Supply Depot  
  43  4:35  Supply Depot  
  43  4:41  SCV x2  
  45  4:50  Starport Reactor  
  45  4:53  Factory, SCV  
  45  4:55  SCV, Hellion x2  
  51  5:05  SCV  
  51  5:07  SCV  
  35  5:17  SCV  
  35  5:19  SCV  
  37  5:22  Engineering Bay  
  37  5:29  SCV  
  37  5:31  SCV  
  39  5:35  Liberator x2  
  39  5:41  SCV  
  46  5:43  SCV  
  46  5:48  Siege Tank, Refinery  
  50  5:54  SCV  
  50  5:55  SCV  
  50  5:57  Missile Turret  
  52  6:06  SCV  
  52  6:07  SCV  
  52  6:08  Hellion x2  
  58  6:14  Missile Turret  
  58  6:18  SCV  
  59  6:19  SCV  
  59  6:22  Command Center  
  60  6:42  SCV x2  
  60  6:43  Infernal Pre-Igniter  
  62  6:49  Siege Tank  
  65  7:05  Hellion x2  
  69  7:15  Supply Depot x2  
  69  7:17  Supply Depot  
  69  7:20  SCV x2  
  71  7:31  Armory  
  71  7:32  SCV x2  
  74  7:44  Orbital Command, SCV  
  74  7:48  SCV  
  79  7:51  Hellion x2  
  79  7:55  Siege Tank  
  79  7:56  SCV  
  81  8:00  SCV  
  82  8:09  SCV  
  82  8:12  SCV  
  84  8:16  Widow Mine x2  
  84  8:19  SCV  
  89  8:21  SCV  
  89  8:24  SCV  
  91  8:28  Siege Tank  
  91  8:31  SCV  
  95  8:37  SCV  
  95  8:38  SCV  
  95  8:40  Hellion  
  95  8:41  Hellion  
  101  8:42  Liberator x2  
  101  8:43  SCV  
  101  8:45  Refinery  
  101  8:47  Supply Depot x2  
  108  8:50  SCV x2  
  108  8:54  Refinery  
  111  8:55  SCV  
  111  8:56  Refinery  
  111  9:00  Siege Tank  
  111  9:02  SCV x2  
  115  9:50  SCV x2  
  115  9:51  SCV  
  118  9:59  Supply Depot  
  118  10:00  Supply Depot  
  118  10:01  Siege Tank, Hellion x2  
  118  10:02  Liberator x2, SCV x2  
  118  10:04  Terran Vehicle Weapons Level 1  
  133  10:09  Armory  
  133  10:20  SCV  
  123  10:47  Siege Tank, Hellion x2  
  119  10:53  Factory  
  119  10:54  Factory  
  119  10:55  Factory  
  119  10:56  Terran Vehicle And Ship Armor Level 1  
  92  11:21  Hellion x2, Siege Tank  
  96  11:37  Barracks Tech Lab  
  96  11:39  Factory Tech Lab x2  
  96  11:40  Factory Tech Lab  
  96  11:58  Siege Tank x3  
  96  11:59  Siege Tank  
  96  12:00  Hellion x2  
  112  12:02  Liberator x2  
  112  12:03  Terran Vehicle Weapons Level 2  
  118  12:13  Supply Depot  
  118  12:14  Supply Depot  
  87  12:44  Siege Tank  
  87  12:45  Siege Tank x3  
  99  12:59  Supply Depot  
  99  13:00  Supply Depot  
  99  13:02  Hellion x2  
  99  13:05  Liberator x2  
  109  13:34  SCV x3  
  109  13:41  Siege Tank x4  
  121  13:42  Hellion  
  121  13:43  Hellion  
  121  13:46  SCV x2  
  121  13:47  Terran Vehicle And Ship Armor Level 2  
  130  13:49  Liberator x2  
  136  14:12  Missile Turret  
  126  14:35  Siege Tank x4  
  138  15:03  Terran Vehicle Weapons Level 3  
  138  15:04  Liberator  
  138  15:05  Liberator  
  144  15:27  Thor x3  
  162  15:39  Supply Depot  
  162  15:46  Supply Depot x2  
  162  15:49  Thor  
  128  17:02  Thor  
  128  17:03  Thor x3  
  128  17:06  Liberator x2  
  152  17:31  Terran Vehicle And Ship Armor Level 3  
  152  17:41  Terran Ship Weapons Level 1  
  99  18:52  Thor x3  
  99  18:53  Thor  
  99  18:54  Hellion x2  
  113  19:31  Command Center  
  113  19:35  Siege Tank x2  
  113  20:20  Supply Depot x2  
  113  20:21  Supply Depot  
  113  20:22  Supply Depot x2  
  113  20:25  Supply Depot  
  113  20:42  Siege Tank  
  116  20:43  Siege Tank x3  
  122  21:17  Supply Depot x2  
  122  21:19  Supply Depot  
  122  21:20  Supply Depot x3  
Show
View Real Time Build Order
Export as new Build Order

MattBarry Zerg 

Build Orders: Pool First 

Get SALT Encoding   

  12  0:00  Drone  
  13  0:08  Drone  
  13  0:13  Extractor  
  13  0:15  Drone  
  14  0:46  Spawning Pool  
  14  0:47  Drone  
  14  0:53  Overlord  
  14  1:21  Hatchery  
  14  1:22  Drone  
  14  1:28  Drone  
  14  1:31  Drone  
  16  1:36  Zergling x2  
  17  1:46  Metabolic Boost  
  17  1:56  Queen  
  19  2:03  Zergling x2  
  20  2:09  Zergling x4  
  22  2:18  Overlord  
  22  2:38  Drone x2  
  22  2:41  Queen  
  26  2:58  Zergling x2  
  26  2:59  Zergling x4  
  29  3:19  Baneling Nest  
  28  3:29  Drone x4  
  28  3:30  Drone x3  
  33  4:06  Queen  
  35  4:18  Drone  
  35  4:19  Overlord x2  
  36  4:25  Queen, Extractor  
  36  4:26  Extractor  
  36  4:34  Evolution Chamber  
  35  4:40  Roach Warren  
  35  4:44  Extractor, Drone x4  
  38  4:49  Drone x2  
  38  4:50  Drone  
  41  5:26  Lair  
  41  5:32  Zerg Melee Weapons Level 1  
  41  5:42  Spore Crawler  
  40  5:43  Spore Crawler  
  39  5:56  Drone x6  
  45  5:58  Drone x2  
  45  6:02  Hatchery  
  46  6:16  Drone  
  46  6:17  Drone x2, Overlord  
  49  6:32  Roach  
  51  6:34  Overseer, Overlord  
  51  6:35  Overlord  
  51  6:37  Glial Reconstitution  
  51  6:39  Centrifugal Hooks  
  51  6:48  Extractor  
  50  7:05  Pneumatized Carapace  
  50  7:16  Overlord  
  50  7:19  Spire  
  50  7:20  Drone x5  
  50  7:21  Drone x4  
  58  7:30  Zerg Ground Armor Level 1, Evolution Chamber  
  57  7:39  Hatchery  
  56  7:44  Queen  
  58  8:09  Overseer  
  58  8:33  Mutalisk  
  60  8:34  Mutalisk x5  
  70  8:42  Drone x5  
  75  8:49  Extractor  
  75  8:55  Extractor  
  73  9:00  Mutalisk x3  
  79  9:27  Mutalisk  
  79  9:28  Mutalisk x2  
  85  9:40  Mutalisk  
  87  9:50  Drone  
  87  9:51  Drone x2  
  90  9:58  Mutalisk x2  
  79  10:31  Mutalisk  
  79  10:32  Mutalisk x4  
  79  10:34  Overlord  
  79  10:35  Overlord x4  
  81  10:51  Mutalisk x3  
  73  11:06  Zerg Flyer Weapons Level 1  
  73  11:13  Infestation Pit  
  73  11:16  Zergling x22  
  73  11:17  Zergling x4  
  73  11:18  Zergling x22  
  66  11:58  Corruptor x8  
  76  12:02  Drone x2  
  76  12:03  Drone x6  
  76  12:04  Drone  
  81  12:12  Infestor  
  83  12:17  Roach  
  83  12:18  Roach x5  
  83  12:19  Roach x2  
  99  13:22  Hive  
  99  13:23  Drone  
  99  13:24  Drone  
  99  13:25  Roach x3  
  99  13:26  Roach x5  
  119  13:27  Roach x2  
  119  13:28  Roach x3  
  80  15:04  Greater Spire  
  80  15:05  Roach  
  80  15:06  Roach x15  
  112  15:28  Drone  
  112  15:29  Drone x8  
  112  15:30  Drone x3  
  124  15:38  Neural Parasite  
  124  16:15  Overseer x3  
  124  16:32  Brood Lord x2  
  128  16:39  Overlord  
  128  16:40  Overlord  
  128  16:43  Zerg Melee Weapons Level 2  
  108  16:58  Pathogen Glands, Infestor  
  80  17:10  Infestor x3  
  67  17:24  Brood Lord x2  
  67  17:25  Brood Lord x3  
  77  17:30  Infestor  
  77  17:31  Infestor x2  
  83  17:40  Corruptor x4  
  83  17:41  Corruptor x3  
  83  17:42  Overseer  
  97  17:45  Overseer  
  87  18:59  Corruptor x3  
  87  19:00  Corruptor x4  
  95  19:03  Roach x4, Zergling x2  
  95  19:05  Overlord x3  
  95  19:06  Overlord x2  
  104  19:19  Overlord  
  87  19:34  Infestor  
  87  19:35  Infestor x5  
  89  20:07  Brood Lord  
  89  20:08  Brood Lord  
  89  20:14  Extractor  
  92  20:31  Zergling x2  
  92  20:32  Zergling x8  
  92  20:33  Zergling x6  
  92  20:34  Zergling x10  
  92  20:35  Zergling x4  
  107  20:52  Brood Lord  
  107  20:53  Brood Lord  
  107  20:56  Zergling x2  
  107  20:57  Zergling x6  
  64  22:09  Infestor  
Show
View Real Time Build Order
Export as new Build Order

CryptoGrandp Zerg - Winner!

Build Orders: Pool First 

Get SALT Encoding   

  12  0:01  Drone  
  13  0:14  Overlord  
  13  0:22  Drone  
  14  0:35  Drone x2  
  16  0:46  Extractor  
  15  0:50  Spawning Pool  
  15  0:53  Drone  
  15  1:38  Zergling x6  
  18  1:40  Queen  
  20  1:59  Hatchery  
  20  2:00  Zergling x4  
  21  2:10  Overlord  
  20  2:44  Metabolic Boost  
  20  2:58  Zergling x12  
  26  3:10  Queen  
  26  3:11  Zergling x2  
  29  3:31  Drone  
  25  3:42  Zergling x2  
  25  3:45  Spine Crawler  
  23  3:56  Lair  
  22  4:09  Hatchery  
  20  4:12  Drone  
  20  4:16  Drone  
  22  4:24  Drone  
  23  4:26  Drone  
  23  4:30  Drone  
  25  4:35  Drone  
  26  4:39  Drone  
  26  4:43  Drone  
  28  4:47  Drone  
  28  4:50  Drone  
  30  4:58  Overlord  
  30  5:24  Queen  
  30  5:25  Overlord  
  30  5:26  Drone  
  30  5:27  Drone x4  
  37  5:34  Drone  
  38  5:39  Drone  
  38  5:40  Drone x2  
  41  5:45  Overlord  
  41  5:49  Extractor  
  40  5:50  Overseer  
  40  5:53  Drone  
  40  5:54  Drone  
  40  5:56  Drone  
  43  6:04  Drone  
  43  6:05  Drone  
  45  6:13  Drone  
  45  6:17  Drone  
  47  6:27  Infestation Pit  
  47  6:28  Drone  
  47  6:29  Drone  
  48  6:34  Drone  
  48  6:35  Drone x2  
  51  6:49  Hatchery  
  51  6:51  Drone  
  51  6:52  Drone x4  
  55  6:57  Extractor  
  55  6:58  Extractor  
  53  7:04  Hive  
  53  7:06  Drone x2  
  55  7:12  Drone x3  
  55  7:13  Drone x2  
  60  7:16  Baneling Nest, Overlord x2  
  59  7:28  Drone  
  59  7:29  Overlord  
  60  7:33  Overlord  
  60  7:35  Drone x3  
  60  7:36  Drone  
  64  7:44  Drone  
  64  7:47  Drone  
  64  8:02  Drone  
  64  8:04  Extractor, Drone x4  
  64  8:05  Extractor, Drone x2  
  65  8:18  Ultralisk Cavern, Centrifugal Hooks  
  64  8:26  Spore Crawler  
  63  8:27  Queen  
  63  8:28  Drone  
  63  8:29  Spore Crawler, Drone x6  
  63  8:34  Drone x2  
  73  8:40  Overlord  
  73  8:41  Evolution Chamber  
  73  8:44  Evolution Chamber  
  71  9:09  Hatchery  
  70  9:11  Zerg Ground Armor Level 1, Zerg Melee Weapons Level 1, Chitinous Plating  
  70  9:13  Drone  
  70  9:14  Drone x9  
  70  9:16  Drone  
  81  9:17  Drone x2  
  83  9:29  Drone  
  83  9:30  Drone x5  
  89  9:38  Overlord x2  
  89  9:45  Spore Crawler  
  88  9:46  Spore Crawler  
  88  9:48  Spore Crawler  
  88  9:50  Spore Crawler  
  85  9:55  Spore Crawler, Drone x4  
  85  9:56  Extractor, Drone x4  
  85  9:57  Drone  
  85  9:58  Drone x3  
  85  9:59  Extractor  
  94  10:10  Overlord  
  94  10:11  Overlord  
  94  10:12  Pneumatized Carapace  
  94  10:13  Overlord  
  94  10:25  Ultralisk  
  94  10:26  Ultralisk x3  
  118  10:30  Ultralisk, Anabolic Synthesis  
  124  10:36  Ultralisk  
  124  10:41  Ultralisk  
  136  11:04  Spore Crawler  
  136  11:06  Spore Crawler  
  136  11:09  Queen  
  136  11:12  Ultralisk  
  142  11:21  Zerg Melee Weapons Level 2, Zerg Ground Armor Level 2  
  142  11:29  Spore Crawler  
  142  11:30  Spore Crawler  
  140  11:34  Overlord x6  
  140  12:29  Ultralisk x7  
  200  12:30  Ultralisk x3  
  188  12:48  Ultralisk x3  
  188  13:07  Ultralisk  
  188  13:08  Ultralisk  
  200  13:15  Hatchery  
  151  14:26  Zerg Ground Armor Level 3, Zerg Melee Weapons Level 3  
  97  15:06  Spire  
  96  15:07  Ultralisk x3  
  96  15:08  Ultralisk x7  
  156  15:16  Extractor  
  155  15:21  Extractor  
  154  15:39  Neural Parasite  
  154  15:59  Burrow  
  154  16:58  Pathogen Glands  
  154  17:25  Zerg Flyer Weapons Level 1  
  154  19:04  Corruptor x15  
  154  19:05  Corruptor x8  
  200  19:19  Zerg Flyer Armor Level 1  
  134  20:16  Corruptor x14  
  134  20:17  Corruptor x5  
  172  21:04  Corruptor x3  
  172  21:05  Corruptor x11  
Show
View Real Time Build Order
Export as new Build Order

theonerichy Terran - Winner!

Build Orders:  

Get SALT Encoding   

  12  0:01  SCV  
  13  0:13  SCV  
  14  0:18  Supply Depot  
  14  0:25  SCV  
  15  0:39  SCV  
  15  0:41  Barracks  
  16  0:53  SCV  
  16  0:55  Refinery  
  17  1:05  SCV  
  17  1:11  Refinery  
  18  1:17  SCV  
  19  1:40  Orbital Command  
  19  1:44  Marine  
  20  1:53  Barracks  
  20  2:01  Marine  
  21  2:10  SCV  
  22  2:25  Barracks Tech Lab, Command Center  
  22  2:40  Marine  
  22  2:42  Barracks  
  23  2:54  Combat Shield  
  23  3:05  Supply Depot  
  23  3:26  Marine  
  25  3:27  SCV  
  25  3:33  Barracks Reactor  
  25  3:39  SCV, Engineering Bay  
  26  3:41  Orbital Command  
  26  3:55  Command Center  
  26  3:58  SCV  
  27  4:03  Barracks Reactor  
  27  4:05  Barracks  
  27  4:08  Marine  
  27  4:09  Marine  
  29  4:10  Marine, SCV  
  31  4:20  Engineering Bay  
  31  4:33  SCV  
  31  4:34  SCV  
  33  4:45  Marine x5  
  38  4:57  Command Center  
  38  5:24  SCV x2  
  40  5:28  Orbital Command  
  40  5:34  Marine  
  40  5:35  Marine x3  
  45  5:36  SCV x2  
  45  5:37  Barracks Reactor  
  45  5:41  Barracks  
  45  5:42  Terran Infantry Armor Level 1, Terran Infantry Weapons Level 1  
  46  5:45  Marine  
  47  5:52  Marine x3  
  47  5:53  Marine  
  51  6:03  Marine  
  52  6:07  SCV x2  
  52  6:10  Orbital Command, Marine  
  55  6:21  Command Center  
  55  6:24  Marine x5  
  60  6:26  Marine  
  62  6:43  Barracks Reactor  
  62  6:45  Barracks  
  61  7:02  Marine x3  
  61  7:03  Marine x4  
  68  7:17  Factory  
  68  7:20  Marine x4  
  68  7:21  Marine x2  
  68  7:22  Marine x2  
  76  7:31  Command Center  
  76  7:32  Marine  
  77  7:38  Marine x4  
  77  7:39  Marine x2  
  77  7:42  Command Center  
  83  7:47  Stimpack  
  83  7:48  Barracks Reactor  
  83  7:55  Marine x3  
  83  7:56  Marine x4  
  90  8:22  Armory  
  90  8:26  Barracks  
  90  8:31  Orbital Command  
  90  8:38  Command Center  
  90  8:44  Orbital Command  
  90  8:55  Missile Turret  
  90  8:56  Planetary Fortress  
  90  9:21  Barracks Reactor  
  90  9:23  Barracks  
  90  9:27  Marine  
  90  9:28  Marine x10  
  101  9:45  Marine  
  101  9:46  Marine x10  
  101  9:48  Missile Turret  
  101  9:50  Missile Turret  
  101  9:52  Orbital Command  
  112  9:55  Missile Turret  
  112  10:03  Marine  
  112  10:04  Marine x2  
  115  10:25  Missile Turret  
  115  10:47  Barracks Reactor  
  82  11:03  Marine  
  82  11:04  Marine x12  
  59  11:13  Terran Infantry Armor Level 2, Terran Infantry Weapons Level 2  
  50  11:21  Marine x5  
  50  11:22  Marine x8  
  63  11:39  Marine x12  
  68  11:40  Marine  
  68  11:44  Refinery  
  76  11:50  Command Center, Refinery  
  76  11:52  Marine x2, Refinery  
  78  11:56  Marine  
  78  11:57  Marine x12  
  78  11:59  Refinery  
  91  12:10  Marine x2  
  91  12:14  Marine  
  91  12:15  Marine x12  
  106  12:27  Marine  
  106  12:28  Marine  
  108  12:32  Marine  
  108  12:33  Marine x9  
  118  12:56  Marine  
  118  12:57  Marine x2  
  121  13:01  Marine x12  
  121  13:05  Orbital Command  
  133  13:14  Marine  
  133  13:15  Marine x2  
  136  13:33  Terran Infantry Weapons Level 3  
  136  13:37  Terran Infantry Armor Level 3  
  136  14:49  Command Center  
  136  15:23  Command Center  
  136  15:27  Command Center  
  136  15:51  Marine x2  
  136  15:53  Marine x2  
  136  15:56  Marine x5  
  136  15:58  Marine x6  
  134  16:09  Marine x2  
  136  16:11  Marine x2  
  136  16:13  Marine x3  
  136  16:14  Marine x2  
  136  16:16  Marine x6  
  149  16:27  Marine x2  
  151  16:34  Marine x13  
  164  16:45  Marine x2  
  166  16:52  Marine x13  
  149  17:06  Marine  
  149  17:07  Marine  
  139  17:10  Marine x13  
  127  17:24  Marine  
  127  17:25  Marine  
  127  17:28  Marine x2  
  127  17:29  Marine x5  
  109  17:30  Marine x6  
  118  17:42  Marine x2  
  120  17:46  Marine x2  
  120  17:47  Marine x11  
  133  18:00  Marine x2  
  133  18:03  Orbital Command, Marine x2  
  133  18:04  Orbital Command, Marine  
  133  18:05  Marine x6  
  86  19:04  Command Center  
  86  19:08  Command Center  
  86  19:12  Command Center  
  58  19:34  Marine x10  
  58  19:35  Marine x5  
  54  19:52  Marine x13  
  67  20:07  Marine  
  67  20:08  Marine  
  67  20:09  Marine  
  67  20:10  Marine x12, Command Center  
  82  20:25  Marine x2  
  84  20:58  Missile Turret  
  84  21:03  Marine  
  84  21:04  Marine x14  
  48  21:21  Marine  
  48  21:22  Marine x14  
  56  21:39  Marine  
  56  21:40  Marine x14  
  56  21:43  SCV  
  71  21:57  Marine x6  
  71  21:58  Marine x9  
  59  22:15  Marine x12  
  60  22:16  Marine x3  
Show
View Real Time Build Order
Export as new Build Order

ItMorbinTime Terran - Winner!

Build Orders: 2 Factory 

Get SALT Encoding   

  12  0:04  SCV  
  13  0:21  SCV  
  14  0:23  Supply Depot  
  14  0:30  Refinery  
  14  0:36  SCV  
  15  0:54  Barracks, SCV  
  16  0:58  Refinery  
  16  1:07  SCV  
  17  1:40  Orbital Command  
  17  1:42  Barracks Tech Lab  
  17  1:43  Ghost Academy  
  17  1:54  Supply Depot  
  17  2:12  Personal Cloaking  
  17  2:23  Ghost  
  19  2:36  SCV  
  20  2:54  Factory  
  20  2:56  Ghost  
  22  2:59  SCV  
  22  3:05  Supply Depot  
  23  3:06  Ghost Academy  
  23  3:14  SCV  
  24  3:24  Factory  
  24  3:33  SCV  
  25  3:45  SCV  
  26  4:03  Command Center  
  26  4:08  Nuke  
  26  4:10  Nuke  
  26  4:19  Command Center  
  26  4:24  SCV  
  27  4:47  Factory Tech Lab  
  27  4:49  SCV  
  27  4:51  Ghost  
  30  5:01  SCV, Nuke x2  
  31  5:13  SCV  
  32  5:25  SCV  
  33  5:38  SCV  
  32  5:52  Ghost  
  32  5:57  Command Center  
  34  6:01  Ghost Academy  
  34  6:06  Siege Tank  
  37  6:14  Orbital Command  
  37  6:25  Refinery  
  37  6:26  Refinery  
  37  6:32  SCV  
  38  6:44  SCV  
  39  6:53  SCV  
  40  6:56  SCV  
  37  7:03  Ghost  
  37  7:05  SCV  
  40  7:08  SCV  
  41  7:17  SCV  
  41  7:21  SCV  
  43  7:27  Siege Tank  
  43  7:29  SCV  
  47  7:33  SCV  
  47  7:35  Engineering Bay  
  48  7:38  Barracks, Ghost  
  48  7:40  Nuke  
  48  7:41  SCV  
  51  7:51  Orbital Command  
  51  7:54  SCV  
  52  8:04  Missile Turret  
  52  8:07  Missile Turret  
  52  8:14  Missile Turret  
  52  8:16  SCV x2  
  52  8:19  SCV  
  55  8:28  SCV x2  
  55  8:31  SCV, Ghost  
  60  8:35  Terran Infantry Weapons Level 1  
  60  8:38  Engineering Bay  
  60  8:40  SCV x2  
  62  8:42  Siege Tank  
  62  8:43  SCV  
  62  8:46  Supply Depot  
  62  8:47  Supply Depot  
  66  8:52  SCV x2  
  69  8:55  SCV  
  69  9:08  SCV x3  
  72  9:20  SCV x3  
  68  9:32  SCV x3  
  69  9:41  Terran Infantry Armor Level 1  
  69  9:42  Barracks Tech Lab  
  69  9:44  SCV x3  
  72  9:46  Missile Turret  
  72  9:52  Nuke  
  72  9:53  Missile Turret x3  
  72  9:54  Missile Turret  
  72  9:56  SCV x3  
  72  9:58  Missile Turret x3  
  75  10:00  Missile Turret  
  75  10:03  Missile Turret x3  
  75  10:04  Missile Turret  
  75  10:05  Missile Turret  
  69  10:15  Orbital Command  
  66  10:40  Ghost  
  68  10:48  Barracks, Siege Tank  
  68  10:49  Barracks x2  
  71  10:51  Barracks  
  71  11:08  Factory  
  71  11:09  Factory x2  
  71  11:12  SCV  
  71  11:13  SCV x2  
  74  11:25  SCV x3  
  77  11:31  Missile Turret x2, Ghost  
  77  11:32  Missile Turret  
  79  11:33  Missile Turret x3  
  79  11:40  Armory  
  79  11:42  Refinery  
  79  11:44  Barracks Tech Lab x4  
  79  11:45  Refinery  
  78  12:13  Missile Turret  
  78  12:14  Missile Turret  
  78  12:15  Missile Turret  
  78  12:22  Ghost x3  
  84  12:30  Ghost Academy  
  84  12:33  Ghost Academy  
  84  12:34  Ghost Academy  
  84  12:35  Terran Infantry Weapons Level 2  
  84  12:36  Terran Infantry Armor Level 2, Ghost x2  
  88  12:46  Supply Depot  
  88  12:48  Supply Depot  
  88  12:50  Supply Depot, Ghost  
  90  12:53  Ghost x2  
  94  13:06  Nuke x3  
  94  13:08  SCV x3  
  94  13:10  Missile Turret  
  97  13:20  SCV  
  97  13:24  Sensor Tower  
  98  13:27  Ghost x4, SCV x2  
  108  13:51  Ghost  
  108  13:53  Command Center  
  110  13:58  Ghost Academy  
  110  13:59  Factory Tech Lab x2  
  110  14:00  Factory Tech Lab  
  110  14:04  Mag-Field Accelerator  
  110  14:08  SCV x3  
  113  14:20  SCV x3  
  116  14:30  Ghost x4  
  124  14:31  Ghost  
  124  14:32  SCV x3  
  129  14:41  Refinery  
  129  14:44  SCV x2  
  131  14:55  Ghost Academy  
  131  14:56  Ghost Academy  
  131  14:58  Ghost Academy  
  131  15:01  Ghost Academy  
  131  15:07  Refinery  
  131  15:11  Orbital Command  
  131  15:19  Ghost x4  
  131  15:20  Ghost  
  141  15:23  SCV  
  141  15:28  Supply Depot x4  
  142  15:55  Terran Infantry Armor Level 3, Terran Infantry Weapons Level 3  
  130  16:46  Ghost x2  
  134  16:47  Nuke x5  
  134  16:48  Nuke x2  
  134  17:02  Nuke x2  
  134  17:03  Nuke  
  134  17:28  Ghost Academy  
  134  17:30  Ghost Academy  
  134  17:51  Nuke x3  
  121  18:58  Ghost x4  
  121  18:59  Nuke x4  
  126  19:31  Nuke x4  
  126  19:52  Nuke  
  126  19:53  Nuke x7  
  124  20:09  Nuke  
  124  20:23  Ghost x3  
  128  20:28  Hi-Sec Auto Tracking  
  122  20:51  Nuke x2  
  122  20:52  Nuke x4  
  120  21:34  Ghost x2  
  120  21:35  Ghost x2  
  114  21:43  Nuke  
  114  21:59  Ghost  
Tags
 
Add a new tag
Caveats
  • Supply blocks, unpowered buildings, or Contaminate may cause inaccurate times.
  • Supply counts are checked every 10 seconds.